[Event "17th Paracin Open 2024"]
[Site "Paracin"]
[Date "2024.07.06"]
[Round "5.13"]
[White "Sasikiran, Krishnan"]
[Black "Averin, Nikolay"]
[Result "1-0"]
[ECO "E04"]
[WhiteElo "2581"]
[BlackElo "2250"]
[Annotator "TA"]
[PlyCount "111"]
[EventDate "2024.07.02"]
[EventType "swiss"]
[EventCountry "SRB"]
[SourceTitle "playchess.com"]
[Source "ChessBase"]
[SourceQuality "1"]
[TimeControl "5400+30"]

1. d4 Nf6 2. c4 e6 3. Nf3 d5 4. g3 dxc4 5. Bg2 Nbd7 6. O-O a6 7. a4 c5 8. Nbd2 cxd4 {[%emt 0:14:02] White is better.} 9. Nxc4 Bc5 10. Nxd4 {[%emt 0:05:50] Strongly threatening Nb3.} Nb6 11. Nxb6 Bxb6 12. Nc2 O-O 13. Be3 Bxe3 14. Nxe3 Rb8 15. Qb3 Bd7 16. Rfd1 (16. Bxb7 $2 Qc7 17. Rfd1 h6 $19 (17... Rxb7 $2 18. Qa3 $19) (17... Qxb7 $2 18. Qxb7 Rxb7 19. Nc4 $19)) 16... Qe7 17. Rac1 (17. Bxb7 $2 {is the wrong capture.} Bc8 18. Nc4 Bxb7 $19) 17... Bc6 18. Bxc6 $14 bxc6 19. Qc2 Nd5 20. Nc4 Nb4 21. Qe4 Nd5 22. Qe5 Qb4 23. e4 Nf6 24. a5 h5 25. f3 Rfd8 $1 26. Qc3 {[%emt 0:08:19] Rxd8+ is the strong threat.} Rxd1+ 27. Rxd1 Qxc3 (27... Qa4 {looks sharper.} 28. Rd2 Qa1+ 29. Kg2 h4) 28. bxc3 $11 {[%emt 0:00:05][%mdl 4096] Endgame. KRN-KRN} Kf8 (28... g5 $1 $14) 29. Kf2 $16 Ke7 {[%emt 0:00:31] [#]} 30. Ne5 $1 {[%emt 0:00:49] Wards off Nd7} Rc8 31. Ke3 Rc7 32. Rb1 {[%emt 0:02:16] White has more active pieces.} Kd6 (32... Nd7 $16 33. Nxd7 Rxd7) 33. Nc4+ $2 (33. f4 $18 {and the rest is easy.}) 33... Kc5 34. Rb4 Nd7 35. f4 f6 36. h3 g5 37. h4 gxh4 38. gxh4 Nf8 (38... e5 $11) 39. e5 fxe5 ({Stronger than} 39... Nd7 40. Nd2 Kd5 41. Rd4+ Kc5 42. Nb3+ Kb5 43. Rb4#) 40. Nxe5 Nd7 41. Rc4+ (41. Ke4 $16 {Black must now prevent Nxd7+.} Nf6+ 42. Kf3) 41... Kb5 $1 $14 {[%emt 0:00:00] ...c5 would now be deadly.} 42. Rb4+ Kc5 $1 43. Nd3+ Kd6 44. c4 {[%emt 0:00:32][%cal Oc4c5] Threatens to win with c5+!} Rc8 {[%emt 0:02:00] [#]} 45. c5+ $1 Kc7 $1 46. Ne5 Nxc5 {[%emt 0:00:58][%mdl 8192] [#]} (46... Nxe5 $11 {and Black stays safe.} 47. fxe5 Rd8) 47. Rb6 $1 $18 Kd6 48. Kd4 {[%emt 0:00:30] Hoping for Nc4+.} Nd7 49. Rxa6 Rc7 50. Nc4+ Ke7 51. Ra8 c5+ $2 (51... Rb7 52. a6 Rb4) 52. Kd3 Rc6 53. a6 (53. Ra7 $142 Rc8 54. Ne5 c4+ 55. Kc3 (55. Nxc4 Rf8 $18)) 53... Nb6 54. Nxb6 {[%emt 0:00:13] White mates.} Rxb6 55. a7 Ra6 56. Rh8 {[%emt 0:00:08] Weighted Error Value: White=0.18 (very precise) /Black=0.42.  Loses game:     	---       	Black=1      Missed win:     	White=1     	---        Mistake:       	White=1     	Black=5      Inaccurate:     	White=4     	Black=5      OK:         	White=14    	Black=15     Best:        	White=4     	Black=7      Strong:       	White=2     	Black=4} 1-0

[Event "17th Paracin Open 2024"]
[Site "Paracin"]
[Date "2024.07.06"]
[Round "5.14"]
[White "Manish Anto Cristiano F"]
[Black "Prohaszka, Peter"]
[Result "1-0"]
[ECO "C84"]
[WhiteElo "2307"]
[BlackElo "2577"]
[Annotator "RC"]
[PlyCount "245"]
[EventDate "2024.07.02"]
[EventType "swiss"]
[EventCountry "SRB"]
[SourceTitle "playchess.com"]
[Source "ChessBase"]
[SourceQuality "1"]
[TimeControl "5400+30"]

1. e4 e5 2. Nf3 Nc6 3. Bb5 a6 4. Ba4 Nf6 5. O-O Nxe4 6. d4 Be7 7. Re1 b5 8. Rxe4 d5 9. Nxe5 Nxe5 10. Rxe5 bxa4 11. Qe2 Be6 12. f4 Kf8 13. f5 Bd7 14. Nc3 c6 15. Nxa4 f6 16. Re3 Bxf5 17. Bd2 Bd6 18. c4 Kf7 19. Re1 Ra7 20. cxd5 cxd5 21. Nc3 Bf4 22. Rf3 Bxd2 23. Qxd2 Bg6 24. Rfe3 Rf8 25. Re6 Kg8 26. Qe2 a5 27. Re7 Rxe7 28. Qxe7 Bf7 29. Qxd8 Rxd8 30. Re7 Rb8 31. Ra7 g5 32. Rxa5 Rxb2 33. a4 Rd2 34. Ra8+ Kg7 35. a5 Rxd4 36. a6 Rc4 37. Nb5 Rc5 38. Rb8 d4 39. Rb7 d3 40. Kf2 d2 41. Ke2 Rd5 42. Kd1 Kg6 43. a7 Be6 44. h3 Bf5 45. Nc3 Ra5 46. Kxd2 h5 47. Re7 h4 48. Nb5 g4 49. Re8 gxh3 50. gxh3 Bd7 51. Rg8+ Kh6 52. Rh8+ Kg6 53. a8=Q Rxa8 54. Rxa8 Bxb5 55. Ra7 Bc6 56. Ke2 Bg2 57. Ra3 Kg5 58. Kf2 Bc6 59. Ra5+ Kg6 60. Ra7 Be8 61. Kf3 Kg5 62. Rg7+ Bg6 63. Rg8 Kf5 64. Ke3 Kg5 65. Kf3 Kf5 66. Kf2 Kg5 67. Ke3 Kf5 68. Kd4 Bh5 69. Rg7 Bd1 70. Ke3 Bh5 71. Rg1 Bf7 72. Rg4 Be6 73. Kf2 Bd7 74. Rxh4 Kg5 75. Kg3 Be6 76. Rh8 Bf7 77. Rf8 Bb3 78. Rb8 Be6 79. Rb5+ Kg6 80. Kh4 Bd7 81. Ra5 Be6 82. Ra1 Bd7 83. Rg1+ Kh6 84. Kg3 Kg5 85. Re1 Bc8 86. Re8 Bd7 87. Rg8+ Kh5 88. h4 Be6 89. Rh8+ Kg6 90. Kf4 Kg7 91. Rh5 Kg6 92. Rc5 Bd7 93. h5+ Kh6 94. Kg3 Ba4 95. Kh4 Bd1 96. Rf5 Kg7 97. Rf2 Bb3 98. Rg2+ Kh7 99. Rg6 Bc2 100. Rxf6 Bd3 101. Kg5 Kg7 102. Rd6 Be4 103. Rd7+ Kg8 104. Kh6 Bc2 105. Rg7+ Kf8 106. Rg1 Kf7 107. Rc1 Bd3 108. Rc3 Be4 109. Rc4 Bd3 110. Rc1 Kf8 111. Rd1 Be4 112. Rf1+ Kg8 113. Rg1+ Kh8 114. Re1 Bc6 115. Rc1 Bd5 116. Rc8+ Bg8 117. Kg5 Kg7 118. Rc7+ Kh8 119. Kg6 Bd5 120. Rh7+ Kg8 121. Re7 Kf8 122. Rg7 Be4+ 123. Kf6 1-0

[Event "17th Paracin Open 2024"]
[Site "Paracin"]
[Date "2024.07.06"]
[Round "5.15"]
[White "Djukic, Nikola"]
[Black "Apoorv Kamble"]
[Result "1/2-1/2"]
[ECO "B78"]
[WhiteElo "2532"]
[BlackElo "2369"]
[Annotator "TA"]
[PlyCount "120"]
[EventDate "2024.07.02"]
[EventType "swiss"]
[EventCountry "SRB"]
[SourceTitle "playchess.com"]
[Source "ChessBase"]
[SourceQuality "1"]
[TimeControl "5400+30"]

1. e4 c5 2. Nf3 d6 3. d4 cxd4 4. Nxd4 Nf6 5. Nc3 g6 6. Be3 Bg7 7. f3 O-O 8. Qd2 Nc6 9. Bc4 Bd7 10. O-O-O Ne5 11. Bb3 Rc8 12. Kb1 Re8 13. h4 {[%emt 0:00:19] B78: Sicilian Dragon: Yugoslav Attack, 9 Bc4 Bd7 10 0-0-0 Rc8.} h5 14. g4 hxg4 15. h5 Nxh5 16. Bh6 Kh7 17. Bxg7 Kxg7 18. fxg4 Bxg4 19. Nf5+ Bxf5 20. exf5 Rh8 21. fxg6 Nxg6 22. Qd5 e6 23. Qd4+ (23. Qxb7 {with more complications.} Qb6 24. Qf3 Qc6 25. Qe3) 23... Qf6 24. Qxa7 d5 25. Qxb7 Ng3 26. Rxh8 Rxh8 27. a4 Nf5 $146 ({Predecessor:} 27... Qe5 28. Qd7 Ne4 29. Nxe4 dxe4 30. Rf1 Nf4 31. a5 Rf8 32. Qa4 Rd8 33. Bc4 e3 {½-½ Armani,G (2363)-Rauduve,A (2372) EU-ch 2022 sf08 email}) 28. Rf1 Qe7 {[%emt 0:09:23] [#]} (28... Qe5 $11) 29. Qxe7 (29. Qb6 $1 $16) 29... Ngxe7 30. Nb5 Rd8 31. c3 Nc6 32. Bc2 Ne3 33. Rg1+ Kf8 34. Bd3 Nc4 35. b3 N4e5 36. Be2 f5 37. Kc2 Kf7 38. b4 f4 $2 (38... Rh8 $14) 39. Rf1 $18 Ng6 {[%emt 0:00:32] [#]} 40. Nd4 (40. a5 e5 $16) (40. Bh5 $1 $18 {and White stays clearly on top.}) 40... Nce7 $16 41. Bg4 e5 42. Ne6 Rb8 43. a5 Nc6 $2 (43... Nh4 $16 {was necessary.}) 44. Nc7 $18 Nge7 45. a6 Na7 46. Rb1 (46. Rd1 d4 47. Rb1 (47. cxd4 Rxb4 48. Be6+ Kf6 $14) 47... f3) 46... e4 47. b5 Rb6 48. c4 dxc4 49. Be2 $2 (49. Kc3 $18) 49... Kf6 $11 50. Bxc4 Ke5 51. Rd1 f3 52. Rd7 Nec8 53. Nd5 Rd6 54. Rxd6 (54. b6 $5 Nxb6 (54... Rxd7 $2 55. b7 $18) 55. Nxb6 (55. Rxa7 $2 Nxc4 56. Nb4 Ne3+ 57. Kb3 f2 $19) 55... Rxd7 56. Nxd7+ Kd4 57. Be6 $16) 54... Kxd6 (54... Nxd6 $2 {perishes.} 55. b6 Nxc4 56. b7 $18) 55. b6 Nxb6 56. Nxb6 Kc5 57. Kd2 Kxb6 58. Bd5 Kxa6 59. Bxe4 f2 60. Ke2 f1=Q+ 1/2-1/2

[Event "17th Paracin Open 2024"]
[Site "Paracin"]
[Date "2024.07.06"]
[Round "5.16"]
[White "Bhattacharyya Soham"]
[Black "Akhmedov, David"]
[Result "1/2-1/2"]
[ECO "E01"]
[WhiteElo "2477"]
[BlackElo "2293"]
[Annotator "TA"]
[PlyCount "182"]
[EventDate "2024.07.02"]
[EventType "swiss"]
[EventCountry "SRB"]
[SourceTitle "playchess.com"]
[Source "ChessBase"]
[SourceQuality "1"]
[TimeControl "5400+30"]

1. d4 Nf6 2. c4 e6 3. g3 d5 4. Nf3 h6 5. Bg2 Bd6 6. O-O {[%emt 0:00:10] E01: Catalan: Early deviations.} O-O 7. Nc3 Nc6 8. b3 dxc4 9. bxc4 e5 10. Rb1 {[%emt 0:00:09] 10.e3 gains popularity.} Nxd4 11. Nxd4 exd4 12. Qxd4 c6 13. Rd1 Bc7 $146 ({Predecessor:} 13... Be7 14. Qe5 Nd7 15. Qh5 Nf6 16. Qe5 Nd7 17. Qf4 Qa5 18. Ne4 Ne5 19. Bd2 Qc7 {1-0 Ohanyan,E (2460)-Gukesh,D (2736) Chess.com U20 Speed blitz 2023 (1.6)}) 14. Qc5 Nd7 15. Qh5 Qe7 16. Rb3 Qe5 17. Qh4 Bd8 18. Qf4 Qxf4 19. Bxf4 Nc5 20. Bd6 Nxb3 21. Bxf8 Bf5 22. Bxg7 Bc2 23. Rd7 Bf5 24. Rd6 Bc7 25. Rd1 Kxg7 26. axb3 Bc2 27. Rd7 Be5 28. Ne4 Bxb3 29. f4 Bb8 30. Nd2 Ba4 31. Rxb7 a5 32. Ne4 Bc2 33. Rb2 Bxe4 34. Bxe4 Ba7+ 35. Kg2 Rc8 36. Ra2 Bb6 37. Kf3 Kf6 38. g4 Ke7 39. c5 Bxc5 40. Rxa5 Kd6 41. Ra6 f6 42. h4 Bd4 43. e3 Bc5 44. Ke2 Rc7 45. Kd3 Kd7 (45... Ke7 $16 46. Ke2 (46. Bxc6 Ra7 $16) 46... Kf8) 46. Bf5+ Kd6 (46... Ke7 $16 47. Ke2 Bb4) 47. Be4 Kd7 $1 48. Bg2 ({White should play} 48. h5 $18) 48... Ra7 $16 49. Rxc6 (49. Bxc6+ $16 Ke7 50. Rxa7+ Bxa7 51. Ke4) 49... Ra3+ $14 50. Kc2 Bd6 51. Kd2 Ra2+ (51... Bb4+ $1 $11 52. Kc1 (52. Ke2 Ra2+ 53. Kd3 Rxg2 $11) 52... Rxe3) 52. Rc2 $16 Bb4+ 53. Kd3 Rxc2 54. Kxc2 Be1 55. h5 Ke7 56. Kd3 Kf7 57. Bd5+ Kg7 58. Ke4 Bd2 59. Bc4 Bc1 60. Kf3 Bd2 61. Ke2 Bc1 62. Bb3 Kh8 63. Bc2 Kg7 64. Bg6 Kh8 65. Kd3 Kg7 66. Be4 Kh8 67. Bg2 Kg7 68. Bd5 Kh8 69. Ke4 Kg7 70. Bc6 Bd2 71. Kf3 Bc1 72. e4 Bd2 73. Bd7 Bc1 {[%emt 0:00:13] [#]} 74. g5 (74. e5 $1 $16) 74... hxg5 $14 75. e5 Bxf4 76. e6 Bd6 $1 77. Kg4 Kh6 78. Be8 Be7 79. Bg6 Ba3 80. Bd3 Bb4 81. Be2 Ba3 82. Kf5 Be7 83. Bg4 Bd8 84. Ke4 ({Much worse is} 84. e7 Bxe7 85. Ke6 Bd8 $15) 84... Be7 85. Be2 Ba3 86. Kd5 f5 87. Ke5 g4 88. Kxf5 g3 89. Bf3 g2 90. Bxg2 Kxh5 91. e7 Bxe7 1/2-1/2

[Event "17th Paracin Open 2024"]
[Site "Paracin"]
[Date "2024.07.06"]
[Round "5.17"]
[White "Tilicheev, Viacheslav"]
[Black "Ivanov, Mikhail M"]
[Result "1/2-1/2"]
[ECO "D30"]
[WhiteElo "2477"]
[BlackElo "2248"]
[Annotator "TA"]
[PlyCount "84"]
[EventDate "2024.07.02"]
[EventType "swiss"]
[EventCountry "SRB"]
[SourceTitle "playchess.com"]
[Source "ChessBase"]
[SourceQuality "1"]
[TimeControl "5400+30"]

1. d4 d5 2. c4 e6 3. Nf3 c6 4. e3 Nf6 5. Bd3 Nbd7 6. O-O Ne4 7. Nfd2 f5 8. f3 Nxd2 9. Nxd2 {[%emt 0:04:01] White is slightly better.} Nf6 10. b3 Bd6 11. Bb2 O-O 12. h3 Bd7 13. Qe1 Nh5 14. g4 Ng3 15. Rf2 $1 h5 16. Rg2 h4 17. f4 fxg4 {[%emt 0:05:58] White must now prevent ...g5.} 18. Rxg3 ({Don't play} 18. hxg4 g5 19. Nf3 gxf4 $17) 18... hxg3 19. Qxg3 Qe7 20. Kh1 Rf6 {[%emt 0:13:20] Threatens to win with ...Rh6.} 21. Be2 Bb4 (21... gxh3 {seems wilder.} 22. Rg1 Be8 23. Bd3 Bh5) 22. Nf1 Rh6 23. Bxg4 Qh4 24. Qxh4 Rxh4 25. Nh2 Bd6 (25... Rh6 $17) 26. Nf3 $15 Rh6 27. a4 Be8 28. Ng5 Bf7 29. Ba3 Bxa3 30. Rxa3 Re8 31. c5 Bh5 32. Bxh5 {[%emt 0:00:12] The position is equal.} Rxh5 $11 {[%emt 0:00:05][%mdl 4096] Endgame. KRR-KRN} 33. b4 e5 34. dxe5 Rxe5 35. fxe5 Rxg5 {[%emt 0:00:05] KR-KR} 36. b5 Rxe5 37. bxc6 bxc6 38. Rb3 Re4 39. a5 Rc4 40. Rb7 a6 41. Rb6 Rxc5 42. Rxa6 Rc3 {[%emt 0:00:35] Weighted Error Value: White=0.08 (flawless) /Black=0.09 (flawless) .  Mistake:       	---       	Black=1      Inaccurate:     	White=4     	Black=2      OK:         	White=15    	Black=12     Best:        	White=1     	Black=1      Strong:       	White=1     	---} 1/2-1/2

[Event "17th Paracin Open 2024"]
[Site "Paracin"]
[Date "2024.07.06"]
[Round "5.18"]
[White "Pikula, Dejan"]
[Black "Sedlak, Nikola"]
[Result "0-1"]
[ECO "C18"]
[WhiteElo "2303"]
[BlackElo "2426"]
[Annotator "TA"]
[PlyCount "94"]
[EventDate "2024.07.02"]
[EventType "swiss"]
[EventCountry "SRB"]
[SourceTitle "playchess.com"]
[Source "ChessBase"]
[SourceQuality "1"]
[TimeControl "5400+30"]

1. e4 e6 2. d4 d5 3. Nc3 Bb4 4. e5 c5 5. a3 Bxc3+ 6. bxc3 Qa5 7. Bd2 Qa4 8. Qb1 c4 9. Qd1 Ne7 10. h4 Nbc6 11. h5 {[%emt 0:01:06] The position is equal.} h6 12. g3 Bd7 13. Bh3 O-O-O 14. Nf3 b6 15. Nh4 Kb7 16. Kf1 Rh7 17. Kg2 Ng8 18. Re1 Nce7 19. f4 g6 20. hxg6 Nxg6 21. Nf3 Rf8 22. Kh2 ({Better is} 22. Qb1 $11) 22... h5 $15 23. Ng5 Rh8 24. Rf1 Nh6 25. Kg2 Ne7 26. Rf2 Nhf5 27. Kh2 h4 28. g4 Ng3 29. Be3 f6 30. exf6 Rxf6 31. Qd2 Be8 {[%emt 0:02:10] Black is more active.} (31... Ng6 $17) 32. Rg1 (32. Qe1 $15) 32... Bg6 (32... Qxa3 $17 33. Qc1 Qd6 (33... Qxc3 34. Bd2 $14)) 33. Rxg3 (33. Qe1 $15) 33... hxg3+ $19 34. Kxg3 Qxa3 35. Re2 (35. Qe1 $142) 35... Nc8 (35... Qd6 $19 {And now ...a5 would win.} 36. Kf2 b5) 36. Bg2 (36. Qe1 $17 {was called for.}) 36... Nd6 (36... Qd6 $19 {Strongly threatening ...a5.} 37. Bf2 Ne7) 37. Bg1 {[%emt 0:02:50] White does not recover from this.} ({White should play} 37. Qe1 $1 $15) 37... Re8 38. Nxe6 ({But not} 38. Rxe6 Rexe6 39. Nxe6 (39. Bxd5+ $2 {too greedy.} Kc8 $19) 39... Rxe6 $19 (39... Ne4+ 40. Bxe4 Bxe4 41. f5 $17)) (38. Qe3 $142 Rf5 39. Nxe6) 38... Ne4+ 39. Bxe4 Bxe4 (39... Rexe6 $2 {is the wrong capture.} 40. Bxd5+ Rc6 41. Bxc6+ Rxc6 42. d5 $18) 40. Rxe4 {[%emt 0:00:07] [#]} (40. Ng5 {only move.}) 40... dxe4 {[%emt 0:00:28] Black is clearly winning.} 41. d5 Qd6 42. Be3 Rg8 {[%emt 0:00:52] White must now prevent ...Rfg6.} 43. Qd4 Rfg6 44. Qxe4 Rxg4+ 45. Kf3 Rg3+ 46. Ke2 Rg2+ 47. Bf2 Rh2 {[%emt 0:00:17] Weighted Error Value: White=0.46/Black=0.23 (precise) .  Missed win:     	---       	Black=1      Mistake:       	White=8     	Black=3      Inaccurate:     	White=2     	Black=3      OK:         	White=12    	Black=14     Best:        	White=2     	Black=3} 0-1

[Event "17th Paracin Open 2024"]
[Site "Paracin"]
[Date "2024.07.06"]
[Round "5.19"]
[White "Bicer, Atakan Mert"]
[Black "Pasti, Aron"]
[Result "0-1"]
[ECO "C78"]
[WhiteElo "2313"]
[BlackElo "2402"]
[Annotator "TA"]
[PlyCount "86"]
[EventDate "2024.07.02"]
[EventType "swiss"]
[EventCountry "SRB"]
[SourceTitle "playchess.com"]
[Source "ChessBase"]
[SourceQuality "1"]
[TimeControl "5400+30"]

1. e4 e5 2. Nf3 Nc6 3. Bb5 a6 4. Ba4 Nf6 5. O-O Bc5 6. c3 O-O 7. d4 Ba7 8. dxe5 {[%emt 0:00:30] C78: Ruy Lopez: Archangelsk and Möller Defences.} Nxe4 9. Qd5 Nc5 10. Bc2 Ne7 11. Qd1 d5 12. Nd4 $146 ({Predecessor:} 12. exd6 Qxd6 13. Qxd6 cxd6 14. Na3 Bg4 15. Nd4 Ne6 16. h3 Nxd4 17. hxg4 Nxc2 18. Nxc2 {1-0 Ter Sahakyan,S (2649)-Svidler,P (2689) Chessable Masters Play In rapid 2024 (8)}) 12... Ng6 13. Qh5 c6 14. Nd2 Ne4 15. Nxe4 dxe4 16. Rd1 Qd5 17. Nf3 Qb5 18. Ng5 h6 19. Nxf7 Rxf7 20. Bb3 Bxf2+ (20... Qxe5 $2 21. Qxg6 Bxf2+ 22. Kh1 $18) 21. Kh1 {[%emt 0:00:30] [#]} Nxe5 $1 (21... Qxe5 $2 22. Qxg6 Qf6 23. Bxf7+ (23. Qxf7+ Qxf7 24. Rd8+ Kh7 $18) 23... Kf8 24. Qxf6 gxf6 25. Bh5 $18 (25. Bxh6+ Kxf7 26. Rd8 e3 $18)) 22. Bxh6 $2 (22. Rd8+ $2 Kh7 $19) (22. Bf4 Bf5 23. Qxf5 Qxb3 24. Qxe5 Qxb2 25. Qxe4) 22... gxh6 $19 23. Qxh6 Bf5 $1 24. Qg5+ (24. Qf4 $142 Ng4 25. Rd7) 24... Kf8 $19 25. Qh6+ Ke8 26. Rd6 Nc4 27. Bxc4 Qxc4 28. Rad1 Bg3 (28... Qxa2 $2 29. Qh8+ Ke7 30. Qxa8 $18) 29. Rf6 Rxf6 30. Qxf6 Qf7 $2 (30... Qe2 31. hxg3 Qxd1+ 32. Kh2 Qh5+ 33. Kg1 e3 34. Qe5+ Kf7 35. Qxe3 Qd1+ 36. Kf2 Re8 37. Qxe8+ Kxe8 38. g4 Qxg4 39. b3 Bd3 40. Ke3 Qe2+ 41. Kf4 Kf7 (41... Qxa2 42. Kg3 Qe2 43. b4 Kf7 44. Kh2 Kg6 45. Kg3 Kg5 46. Kh2 Be4 47. Kh3 Qxg2#) 42. c4 Kg6 (42... Qxg2 43. Ke3 Qe4+ 44. Kf2 Qf4+ 45. Kg2 Bf1+ 46. Kg1 Qf3 47. Kh2 Qg2#) 43. Kg3 Kg5 (43... Qxa2 44. Kf3 Qe2+ 45. Kg3 Kg5 46. c5 Be4 47. Kh3 Qxg2#) 44. Kh2 Be4 45. Kh3 Qxg2#) 31. Qh8+ $19 Qf8 32. Qh5+ Qf7 33. Qh8+ Qf8 34. Qh5+ Ke7 (34... Qf7 35. Qh8+) 35. Qg5+ Ke6 36. hxg3 Qg8 37. Qd2 Qh7+ (37... Qxg3 38. Qd7+ Kf6 39. Rd6+ Kg5 40. Qg7+ Kf4 41. Qh6+ Qg5 42. Qh2+ Qg3 (42... Ke3 43. Qg1+ Ke2 44. Qd1+ Kf2 45. Qg1+ Kg3 46. Qh2+ Kg4 47. Qh3+ Kf4 48. Qh2+ Ke3 49. Qg1+ Kf4 50. Qh2+ $11) 43. Qh6+ Qg5 44. Qh2+ Kg4 (44... Ke3 45. Qg1+ Kf4 46. Qh2+ $11) 45. Qh3+ Kf4 46. Qh2+ $11) 38. Kg1 Re8 39. g4 Bg6 40. Rf1 Rh8 41. Qf4 Qh1+ 42. Kf2 Qh2 43. Qg5 (43. Qxh2 $19 Rxh2 44. Rd1) 43... Qh4+ (43... Rf8+ $142 44. Ke3 Qg3+ (44... Rxf1 $2 45. Qxg6+ Kd7 46. Qg7+ Kc8 47. Kd4 $19) 45. Rf3 Rxf3+ (45... exf3 $2 46. Qxg6+ Kd7 47. Qg7+ Ke8 48. Qg6+ Kd8 49. Qg5+ Kc8 50. gxf3 $19) (45... Qe1+ $2 46. Kd4 $19) 46. Kd4 Rf6 (46... Qxg2 $2 47. Qxg6+ Ke7 48. Qg5+ Rf6 49. Qe5+ Re6 50. Qc7+ Kf6 51. Qd8+ Re7 52. Qd6+ Kf7 53. Qf4+ Ke6 54. Qxe4+ Qxe4+ 55. Kxe4 $19) (46... Qd6+ $2 47. Kc4 $19) 47. Kc4 e3 (47... Qxg2 $2 48. Kb3 $19) 48. Kc5 e2 (48... Qxg2 $2 49. Qxe3+ Kd7 50. Qd4+ Qd5+ 51. Qxd5+ cxd5 52. g5 $19) (48... Qd6+ $2 49. Kb6 $19) 49. Kb4 Qd6+ (49... e1=R 50. Kb3 Qd6 51. c4 Qd3+ 52. Ka4 Rf2 53. Qc5 Rxb2 54. Qf5+ Bxf5 55. gxf5+ Kf7 56. g4 Rxa2+ 57. Kb4 Qa3#) 50. Ka5 b6+ (50... e1=R {gets mated.} 51. b4 Re5+ 52. Ka4 Rxg5 53. Kb3 Qd1+ 54. Ka3 Qc1+ 55. Kb3 Bc2+ 56. Kc4 Rf4#) 51. Kxa6 Bd3+ (51... e1=R {leads to mate.} 52. b4 Re5 53. Qxf6+ Kxf6 54. c4 Re7 55. g5+ Kxg5 56. b5 Qb8 57. bxc6 Qa7+ 58. Kb5 Qa5#) 52. c4 Bxc4+ (52... e1=R $2 53. Qg8+ Kd7 54. b4 $19) 53. Qb5 Bxb5+ (53... cxb5 {is a self mate.} 54. b3 Qc6 55. g3 Rf8 56. bxc4 Ra8#) 54. Kxb6 Qd4+ (54... e1=R 55. b3 Qd4+ 56. Ka5 Bd3 57. g5 Rf5#) (54... Qb8+ $2 55. Kc5 e1=Q 56. g5 Qa7#) 55. Kb7 Rf7+ 56. Kc8 Qh8#) 0-1

[Event "17th Paracin Open 2024"]
[Site "Paracin"]
[Date "2024.07.06"]
[Round "5.20"]
[White "Dvalishvili, Pavel S."]
[Black "Gov, Guy"]
[Result "1-0"]
[ECO "C77"]
[WhiteElo "2366"]
[BlackElo "2236"]
[Annotator "RC"]
[PlyCount "89"]
[EventDate "2024.07.02"]
[EventType "swiss"]
[EventCountry "SRB"]
[SourceTitle "playchess.com"]
[Source "ChessBase"]
[SourceQuality "1"]
[TimeControl "5400+30"]

1. e4 e5 2. Nf3 Nc6 3. Bb5 a6 4. Ba4 Nf6 5. Qe2 b5 6. Bb3 Be7 7. d4 d6 8. c3 O-O 9. d5 Na5 10. Bc2 c5 11. Nbd2 Bg4 12. h3 Bh5 13. g4 Bg6 14. Nf1 Qd7 15. Ng3 Rfe8 16. Nh4 Qb7 17. g5 Nd7 18. Ng2 f6 19. h4 Rf8 20. h5 Be8 21. Nf5 Nb6 22. gxf6 Rxf6 23. Nxe7+ Qxe7 24. Bg5 b4 25. cxb4 cxb4 26. Ne3 Qf8 27. Bxf6 Qxf6 28. Rg1 Bd7 29. O-O-O Nb7 30. Rg3 Nc5 31. Rdg1 Rf8 32. Rxg7+ Qxg7 33. Rxg7+ Kxg7 34. Qe1 a5 35. b3 Kh6 36. Qe2 Rf4 37. Ng2 Rg4 38. f3 Rg5 39. f4 exf4 40. Nxf4 Rg1+ 41. Kd2 Rg3 42. Qf2 Rg4 43. Ne6 Bxe6 44. dxe6 Nxe4+ 45. Bxe4 1-0